 Dungeon Sprint DCSS version 0.19.0-2-gae57169 (webtiles) character file.

9 poirepourri the Twirler (level 2, 20/25 HPs)
             Began as a Minotaur Gladiator on Nov 3, 2016.
             Was an Initiate of Okawaru.
             Quit the game in the Dungeon (Sprint VII: "The Pits").
             The game lasted 00:00:26 (145 turns).

poirepourri the Twirler (Minotaur Gladiator)         Turns: 145, Time: 00:00:27

Health: 20/25      AC:  3    Str: 19    XL:     2   Next: 6%
Magic:  1/1        EV: 13    Int:  5    God:    Okawaru [......]
Gold:   0          SH:  0    Dex: 10    Spells: 0 memorised, 1 level left

rFire  . . .     SeeInvis .     l - +2 quarterstaff
rCold  . . .     Gourm    .     b - +0 leather armour
rNeg   . . .     Faith    .     (shield currently unavailable)
rPois  .         Spirit   .     c - +0 hat
rElec  .         Reflect  .     (no cloak)
rCorr  .         Harm     .     (no gloves)
MR     .....     NoTele   +     (no boots)
Stlth  +.........               (no amulet)
                                (no ring)
                                (no ring)

@: no status effects
A: retaliatory headbutt, horns 2
a: Renounce Religion


You were in the Dungeon.
You worshipped Okawaru.
Okawaru was noncommittal.
You were not hungry.

You visited 1 branch

Inventory:

Hand Weapons
 a - a +0 quarterstaff
 l - a +2 quarterstaff (weapon)
Missiles
 d - 3 throwing nets (quivered)
Armour
 b - a +0 leather armour (worn)
 c - a +0 hat (worn)
Scrolls
 k - a scroll of blinking
 n - 3 scrolls of remove curse
 o - 5 scrolls of amnesia
 p - a scroll of summoning
Potions
 e - a potion of curing
 g - a potion of heal wounds
 h - a potion of haste
 i - 4 potions of magic
 j - 3 potions of berserk rage
 m - 2 potions of invisibility
Comestibles
 f - 8 bread rations
 q - 40 fruits
 r - 7 meat rations


   Skills:
 + Level 2.7 Fighting
 + Level 4.7 Staves
 + Level 2.2 Throwing
 + Level 0.2 Armour
 + Level 4.5 Dodging


You had one spell level left.
You didn't know any spells.

Dungeon Overview and Level Annotations

Branches:
Dungeon (1/1)

Altars:
Ashenzari
Cheibriados
Dithmenos
Elyvilon
Fedhas
Gozag
Hepliaklqana
Kikubaaqudgha
Makhleb
Nemelex Xobeh
Okawaru
Qazlal
Ru
Sif Muna
Trog
Uskayaw
Vehumet
Xom
Yredelemnul
Zin
The Shining One
Beogh
Jiyva
Lugonu


Innate Abilities, Weirdness & Mutations

You reflexively headbutt those who attack you in melee.
You have a pair of horns on your head.


Message History

You open the door.
An ooze comes into view.
A frilled lizard and 3 gnolls come into view.
A gnoll is wielding a spear of piercing.
The gnoll shouts! x3
The ooze quivers.
There is an open door here.
A ball python and a gnoll shaman come into view.
The gnoll shaman shouts!
The ball python hisses angrily.
You hit the ooze. You headbutt the ooze.
The ooze is almost dead.
The ooze misses you. The gnoll hits you but does no damage.
The gnoll hits you from afar with a spear of piercing.
You hit the ooze.
You kill the ooze!
Okawaru accepts your kill.
You have reached level 2!
The gnoll barely misses you. The gnoll misses you.
A worker ant comes into view.
Are you sure you want to abandon this character and quit the game? (Confirm with "yes".)

#.#
#.....
#.#
#.....
#.#
#.....
#.#
#...<.
#.#
#.....
#.#
#.....
#'#######
#.....
#.glg.a.#
######
#@###...#
#.# .#
#g# #..
#.. #...
####


You could see a worker ant (wandering), 3 gnolls and a frilled lizard.

Vanquished Creatures
  2 oozes (D)
2 creatures vanquished.

Vanquished Creatures (others)
  An orc (D)
1 creature vanquished.

Grand Total: 3 creatures vanquished

Notes
Turn   | Place    | Note
-------+----------+-------------------------------------------
     0 | D        | poirepourri the Minotaur Gladiator began the quest for the Orb.
     0 | D        | Reached XP level 1. HP: 18/18 MP: 0/0
   100 | D        | Found a radiant altar of Vehumet.
   100 | D        | Found a hide-covered altar of Uskayaw.
   100 | D        | Found an ancient bone altar of Kikubaaqudgha.
   100 | D        | Found a viscous altar of Jiyva.
   100 | D        | Found a hazy altar of Hepliaklqana.
   101 | D        | Found a bloodstained altar of Trog.
   101 | D        | Found a deep blue altar of Sif Muna.
   101 | D        | Found a sacrificial altar of Ru.
   101 | D        | Found a stormy altar of Qazlal.
   101 | D        | Found an iron altar of Okawaru.
   101 | D        | Found a sparkling altar of Nemelex Xobeh.
   101 | D        | Found an opulent altar of Gozag.
   101 | D        | Found a blossoming altar of Fedhas.
   101 | D        | Found a white marble altar of Elyvilon.
   101 | D        | Found a shadowy altar of Dithmenos.
   101 | D        | Found a snail-covered altar of Cheibriados.
   102 | D        | Found a glowing golden altar of the Shining One.
   102 | D        | Found a glowing silver altar of Zin.
   103 | D        | Found a burning altar of Makhleb.
   103 | D        | Found a basalt altar of Yredelemnul.
   103 | D        | Found a roughly hewn altar of Beogh.
   104 | D        | Found a corrupted altar of Lugonu.
   104 | D        | Found a shimmering altar of Xom.
   104 | D        | Found a shattered altar of Ashenzari.
   109 | D        | Became a worshipper of Warmaster Okawaru
   142 | D        | Noticed a gnoll shaman
   144 | D        | Reached XP level 2. HP: 20/25 MP: 1/1
   145 | D        | Quit the game

Skill      XL: |  1 |
---------------+----+-----
Staves         | 4 |  4.7
Dodging        | 4 |  4.5
Fighting       | |  2.7
Throwing       | |  2.2
Armour         | |  0.2

Action                   || total
-------------------------++-------
Melee: Quarterstaff      ||     3
       Headbutt          ||     1
Armor: Leather armour    ||     1
Dodge: Dodged            ||     3
